AoeStats
← LeginExelents

Arabia

510601212Analyzed
2v2 RM · 1d ago on Oct 1, 2026· 52m 29s· 4 players
Game mode
Random Map
Map size
Medium (4 player)
Population
200
Speed
Normal
Resources
Standard
Victory
Conquest
Starting age
Dark Age
Ending age
Imperial Age
RankedLock teamsTeams togetherTeam positionsShared explorationLock speedFull tech treeHidden civsTurbo modeCheats
Victory
Defeat
🇩🇪 Spanish · Germany
785
+16
🇦🇲 Bulgarians · Armenia
770
+17
🇦🇷 Sicilians · Argentina
838
-18
🇦🇷 Burgundians · Argentina
747
-15
LeginExelents
4:46 Loom
12:28 Feudal Age
14:56 Bloodlines
14:57 Horse Collar
18:01 Scale Barding Armor
23:10 Castle Age
21:30 Stone Mining
21:33 Gold Mining
22:49 Double-Bit Axe
24:33 Husbandry
25:39 Stone Shaft Mining
26:57 Chain Barding Armor
28:26 Squires
39:26 Heavy Plow
42:37 Imperial Age
40:42 Masonry
40:45 Fortified Wall
41:55 Ballistics
41:46 Masonry
42:41 Wheelbarrow
44:01 Conscription
43:22 Cavalier
45:33 Hoardings
45:20 Murder Holes
47:17 Hand Cart
49:06 Plate Barding Armor
48:32 Padded Archer Armor
48:23 Fletching
50:31 Chemistry
50:02 Architecture
50:46 Leather Archer Armor
50:27 Bodkin Arrow
50:39 Caravan
51:09 Coinage
51:51 Elite Conquistador
51:57 Light Cavalry
TMP1
3:50 Loom
13:02 Feudal Age
20:45 Castle Age
18:54 Fletching
22:54 Bodkin Arrow
23:27 Forging
23:23 Scale Barding Armor
26:18 Horse Collar
28:19 Wheelbarrow
30:55 Heavy Plow
30:45 Double-Bit Axe
31:02 Town Watch
32:44 Town Patrol
35:57 Stone Mining
46:07 Imperial Age
45:02 Chain Barding Armor
45:18 Iron Casting
44:45 Scale Mail Armor
46:40 Chain Mail Armor
47:14 Bow Saw
48:07 Ballistics
47:47 Murder Holes
48:30 Conscription
48:08 Stirrups
50:12 Plate Barding Armor
50:38 Blast Furnace
49:53 Bloodlines
49:44 Husbandry
52:28 Elite Konnik
Flaxnax
11:32 Feudal Age
15:02 Forging
23:33 Castle Age
23:41 Cavalier
24:57 Scale Barding Armor
24:53 Horse Collar
25:01 Double-Bit Axe
30:14 Gold Mining
31:12 Husbandry
31:55 Gold Shaft Mining
34:23 Iron Casting
35:57 Stone Mining
36:56 Wheelbarrow
39:24 Chain Barding Armor
39:38 Loom
43:24 Imperial Age
45:33 Light Cavalry
48:29 Elite Skirmisher
criscastro14
7:23 Loom
10:39 Feudal Age
11:32 Double-Bit Axe
12:01 Arson
12:10 Horse Collar
13:37 Scale Mail Armor
18:12 Wheelbarrow
26:42 Castle Age
26:18 Forging
27:24 Scale Barding Armor
28:31 Bow Saw
28:44 Chain Mail Armor
28:37 Husbandry
28:48 Bloodlines
29:04 Squires
28:49 Gambesons
28:25 Pikeman
31:35 Chain Barding Armor
35:50 Hand Cart
38:15 Gold Mining
38:16 Stone Mining
39:37 Iron Casting
44:33 Imperial Age
44:31 Elite Skirmisher
46:05 Conscription
46:18 Plate Mail Armor
45:32 Cavalier
47:35 Gold Shaft Mining
47:46 Plate Barding Armor
49:00 Blast Furnace
48:13 Halberdier
51:28 Heavy Plow
Connection lost

Rejoining the realm…

Still unreachable

The connection could not be restored.

Session expired

The server has moved on; the page needs a fresh start.